 Dungeon Crawl Stone Soup version 0.30-a0-528-g8c47a4955b (webtiles) character file.

Game seed: 244458231358657320

107181 drugrobin the Warrior (level 15, -2/147 HPs)
             Began as a Demigod Delver on Dec 23, 2022.
             Slain by a mana viper (14 damage)
             ... led by a naga ritualist
             ... on level 1 of the Snake Pit.
             The game lasted 01:45:51 (30762 turns).

drugrobin the Warrior (Demigod Delver)             Turns: 30762, Time: 01:45:52

Health: -2/147     AC: 23    Str: 20    XL:     15   Next: 51%
Magic:  0/31       EV: 14    Int: 32    God:
Gold:   1142       SH: 12    Dex: 15    Spells: 17/30 levels left

rFire   . . .      SeeInvis +    a - +8 mace of the Ancients {vamp, rN+ Str-3 Int+4}
rCold   . . .      Faith    .    G - +0 kite shield {AC+3}
rNeg    + . .      Spirit   +    h - +0 troll leather armour
rPois   .          Reflect  .    x - +3 crown of Dyrovepreva {rElec Int+2 SInv}
rElec   +          Harm     .    i - +2 cloak of Syff {Will+ Int+6}
rCorr   .          Rampage  .    y - +2 pair of gloves
Will    +++..                    S - +2 pair of boots
Stlth   +++                      D - amulet of Doposoc {Spirit Will+}
HPRegen 1.24/turn                f - +4 ring of evasion
MPRegen 0.22/turn                r - +4 ring of protection

@: lethally poisoned (-2 -> -2)
A: high MP 1, forlorn, divine attributes, weak 1
a: no special abilities


You were on level 1 of the Snake Pit.
You visited 4 branches of the dungeon, and saw 23 of its levels.
You also visited: Gauntlet.

You collected 3406 gold pieces.
You spent 2264 gold pieces at shops.

Inventory:

Hand Weapons
 a - the +8 mace of the Ancients (weapon) {vamp, rN+ Str-3 Int+4}
   (You found it on level 7 of the Dungeon)

   It occasionally heals its wielder for a portion of the damage dealt when it
   wounds a living foe.
   Str:       It affects your strength (-3).
   Int:       It affects your intelligence (+4).
   rN:        It protects you from negative energy.
 b - a +0 demon whip of venom
 c - the +8 hand axe "Gillaiwnue" {drain, rF+ rC+}
   (You found it on level 4 of the Dungeon)

   A truly terrible weapon, it drains the life of any living foe it strikes.
   rF:        It protects you from fire.
   rC:        It protects you from cold.
Missiles
 s - a curare-tipped dart (quivered)
 I - a throwing net
Armour
 h - a +0 troll leather armour (worn)
 i - the +2 cloak of Syff (worn) {Will+ Int+6}
   (You found it in a Gauntlet)

   Int:       It affects your intelligence (+6).
   Will:      It increases your willpower.
 x - the +3 crown of Dyrovepreva (worn) {rElec Int+2 SInv}
   (You bought it in a shop on level 2 of the Dungeon)

   Int:       It affects your intelligence (+2).
   rElec:     It insulates you from electricity.
   SInv:      It lets you see invisible.
 y - a +2 pair of gloves (worn)
 G - a +0 kite shield of protection (worn)
 S - a +2 pair of boots (worn)
 Y - the +1 leather armour of Gluttony {+Inv rF++ Will++}
   (You found it on level 5 of the Lair of Beasts)

   rF:        It greatly protects you from fire.
   +Inv:      It lets you turn invisible.
   Will:      It greatly increases your willpower.
 Z - +0 acid dragon scales
Jewellery
 f - a +4 ring of evasion (left hand)
 j - a ring of protection from cold
 r - a +4 ring of protection (right hand)
 w - a ring of protection from fire
 B - the ring "Ketokap" {Ice rN+}
   (You found it in a Gauntlet)

   [ring of ice]

   It enhances your ice magic.
   rF:        It makes you vulnerable to fire.
   rC:        It protects you from cold.
   rN:        It protects you from negative energy.
 D - the amulet of Doposoc (around neck) {Spirit Will+}
   (You bought it in a shop on level 8 of the Dungeon)

   [amulet of guardian spirit]

   It causes incoming damage to be divided between your reserves of health and
   magic.
   Will:      It increases your willpower.
 M - a ring of poison resistance
Wands
 g - a wand of digging (10)
 k - a wand of roots (20)
 W - a wand of paralysis (14)
 X - a wand of light (15)
Scrolls
 e - 9 scrolls of fear
 l - a scroll of brand weapon
 n - a scroll of fog
 o - 9 scrolls of blinking
 u - 9 scrolls of poison
 v - 5 scrolls of magic mapping
 E - 10 scrolls of teleportation
 K - 2 scrolls of silence
 N - a scroll of butterflies
 P - 3 scrolls of vulnerability
Potions
 d - 9 potions of attraction
 m - a potion of flight
 p - 5 potions of resistance
 z - 3 potions of invisibility
 C - 4 potions of heal wounds
 H - 3 potions of lignification
 J - 12 potions of curing
 O - 2 potions of cancellation
 Q - 2 potions of ambrosia
 R - a potion of haste
 T - 4 potions of might
Miscellaneous
 t - a box of beasts


   Skills:
 - Level 17.3 Fighting
 - Level 12.0 Maces & Flails
 - Level 1.7 Dodging
 - Level 4.5 Stealth
 + Level 10.8 Shields
 - Level 8.0 Spellcasting
 + Level 9.6 Necromancy
 - Level 4.0 Evocations


You had 17 spell levels left.
You knew the following spells:

 Your Spells              Type           Power      Damage    Failure   Level
a - Blink                 Tloc           24%        N/A       14%         2
b - Scorch                Fire           24%        2d6       14%         2
c - Sublimation of Blood  Necr           66%        N/A       1%          2
d - Frozen Ramparts       Ice            24%        1d4       28%         3
e - Swiftness             Air            12%        N/A       28%         3
f - Kiss of Death         Conj/Necr      100%       2d13      1%          1

Your spell library contained the following spells:

 Spells                   Type           Power      Damage    Failure   Level
 Vampiric Draining        Necr           66%        2d10      1%          3
 Dispel Undead            Necr           66%        3d23      1%          4
 Apportation              Tloc           24%        N/A       10%         1
 Shock                    Conj/Air       48%        1d6       10%         1
 Slow                     Hex            48%        N/A       10%         1
 Ensorcelled Hibernation  Hex/Ice        24%        N/A       14%         2
 Momentum Strike          Conj/Tloc      24%        3d8       14%         2
 Passwall                 Tmut/Erth      10%        N/A       14%         2
 Confusing Touch          Hex            12%        N/A       28%         3
 Kindle Blastsparks       Fire/Tloc/Air  24%        2d12      28%         3
 Lesser Beckoning         Tloc           24%        N/A       28%         3
 Portal Projectile        Hex/Tloc       24%        N/A       28%         3
 Tukima's Dance           Hex            12%        N/A       28%         3
 Airstrike                Air            6%         2d(1-17)  67%         4
 Animate Armour           Summ/Erth      24%        N/A       67%         4
 Cause Fear               Hex            6%         N/A       67%         4
 Flame Wave               Conj/Fire      12%        2d6       67%         4
 Fulminant Prism          Conj/Hex       6%         3d7       67%         4
 Ice Form                 Ice/Tmut       12%        N/A       67%         4
 Iskenderun's Mystic Bla  Conj/Tloc      12%        2d5       67%         4
 Leda's Liquefaction      Hex/Erth       6%         N/A       67%         4
 Passage of Golubria      Tloc           12%        N/A       67%         4
 Petrify                  Tmut/Erth      12%        N/A       67%         4
 Summon Ice Beast         Ice/Summ       12%        N/A       67%         4
 Alistair's Intoxication  Tmut/Pois      8%         N/A       95%         5
 Blade Hands              Tmut           6%         N/A       95%         5
 Irradiate                Conj/Tmut      6%         3d13      95%         5
 Lee's Rapid Deconstruct  Erth           6%         3d6*      95%         5
 Metabolic Englaciation   Hex/Ice        6%         N/A       95%         5
 Silence                  Hex/Air        6%         N/A       95%         5
 Iron Shot                Conj/Erth      6%         9d2       100%        6
 Statue Form              Tmut/Erth      8%         N/A       100%        6
 Summon Cactus Giant      Summ           6%         N/A       100%        6
 Dragon Form              Tmut           6%         N/A       100%        7
 Borgnjor's Revivificati  Necr           33%        N/A       100%        8
 Discord                  Hex            6%         N/A       100%        8
 Lehudib's Crystal Spear  Conj/Erth      6%         10d3      100%        8
 Necromutation            Tmut/Necr      21%        N/A       100%        8
 Death's Door             Necr           33%        N/A       100%        9


Dungeon Overview and Level Annotations

Branches:
Dungeon (15/15)            Temple (0/1) D:6            Lair (5/5) D:11
  Swamp (0/4) Lair:3        Snake (1/4) Lair:2        Slime (0/5) Lair:5
    Orc (2/2) D:9             Elf (0/3) Orc:2        Vaults (0/5) D:14
 Depths (0/4) D:15        Gauntlet (visited)

Shops:
D:2 [   D:8 ?**!:   D:9 ![   D:10 (   D:15 *   Orc:1 [   Orc:2 *[?:

Portals:
Hell: Lair:5
Pandemonium: Orc:2

Annotations:
D:9 exclusion: two-headed ogre
D:10 Nergalle
D:14 Jorgrun
D:15 2 transporters, Huashrat's ghost, adept FoFi
Lair:4 exclusion: swamp dragon


Innate Abilities, Weirdness & Mutations

You have an increased reservoir of magic. (+10% MP)
You shall have no god before yourself.
Your divine heritage dramatically boosts your attributes as you level up.
You are weak. (Str -2)


Message History

Unknown command.
Unknown command.
Unknown command.
Unknown command.
Unknown command.
Unknown command.
Unknown command.
You sock the naga!
The naga is heavily wounded.
You feel sick. You block the mana viper's attack.
The naga hits you but does no damage. The naga constricts you.
Unknown command.
Unknown command.
Unknown command.
Unknown command.
Unknown command.
Unknown command.
Unknown command.
You hit the naga.
You feel better.
The naga is heavily wounded.
You feel sick.
You are no longer poisoned.
The mana viper bites you but does no damage.
The naga spits poison at you. The splash of poison hits you.
You are poisoned.
* * * LOW HITPOINT WARNING * * *
The naga constricts you.
Unknown command.
Unknown command.
Unknown command.
Unknown command.
Unknown command.
Unknown command.
You sock the naga!
You kill the naga!
You feel sick.
The mana viper bites you but does no damage.
The mana viper bites you!
You die...

.N........#
#.....##
#######...##
##...## ###..##
#..## ##..SS##
#..## #..SSS.##
##...## #..##SSN#
##.....##
#..####SN##
#..##...## ...#
##SS###.####...####
###. ##NS@).##
##.....# ##
##.###..####..####
#.##......##.##
##...#######..#
##### ####


You could see 2 naga ritualists, a mana viper and 9 black mambas.

Vanquished Creatures
  Gastronok (Lair:2)
  A quicksilver ooze (Gauntlet)
  Nessos (Lair:4)
  A dire elephant (Lair:5)
  A minotaur (Gauntlet)
  2 fire dragons
  An ettin (shapeshifter) (D:15)
  5 hydras
  A hell beast (Lair:5)
  8 vault guards (D:14)
  A demonspawn (Orc:2)
  3 centaur warriors
  3 anacondas (Snake:1)
  8 death yaks
  A two-headed ogre (D:12)
  An alligator (Lair:4)
  3 boulder beetles
  A naga warrior (Snake:1)
  3 tengu warriors (D:13)
  2 shock serpents (Snake:1)
  5 orc high priests (Orc:2)
  Sonja (D:12)
  Amaemon (D:11)
  5 skeletal warriors
  A naga ritualist (Snake:1)
  A glowing orange brain (shapeshifter) (D:14)
  2 lindwurms (Lair:5)
  Pikel (D:4)
  5 orc knights (Orc:2)
  A bog body (Lair:3)
  2 mana vipers (Snake:1)
  3 wizards
  2 deep elf pyromancers
  9 orc sorcerers (Orc:2)
  9 ugly things
  An oklob plant (Lair:3)
  5 manticores
  A faun (Lair:1)
  2 cyclopes
  Maurice (D:9)
  3 elephants (Lair:4)
  12 black mambas
  3 orange demons
  A torpor snail (Lair:5)
  2 gargoyles (D:11)
  3 kobold demonologists (D:13)
  10 komodo dragons
  4 rime drakes
  10 cane toads
  2 hellwings
  5 ice devils
  An efreet (D:15)
  5 trolls
  A red devil (Lair:5)
  3 meliai (D:15)
  A polar bear (Lair:5)
  A hornet (D:9)
  Grinder (D:3)
  Prince Ribbit (D:7)
  6 slime creatures
  A dream sheep (Lair:5)
  13 blink frogs
  Sigmund (D:3)
  A centaur simulacrum (D:14)
  A spriggan (Lair:2)
  A vampire (D:9)
  9 wyverns
  A wraith (D:14)
  35 yaks
  Grum (D:11)
  9 vampire mosquitoes
  6 basilisks
  A golden eye (shapeshifter) (D:13)
  2 steam dragons
  3 wargs
  9 swamp worms
  3 acid dragons
  29 water moccasins
  2 nagas
  4 hell hounds (Lair:5)
  A swamp drake (Lair:4)
  37 orc warriors
  Pargi (D:3)
  3 sky beasts
  3 ice beasts (D:6)
  A meliai simulacrum (D:15)
  A black bear (D:10)
  9 ogres
  11 centaurs
  35 wolves
  2 phantoms (D:7)
  13 bullfrogs
  3 kobold brigands
  4 gnoll sergeants
  3 scorpions
  22 wights
  9 killer bees (D:9)
  An electric eel (Lair:3)
  4 howler monkeys (D:10)
  A lava snake (D:13)
  2 jellies (Lair:5)
  3 hounds
  8 gnoll boudas
  Crazy Yiuf (D:3)
  36 orc priests
  3 iguanas
  A scorpion zombie (D:3)
  27 orc wizards
  2 hell rats (Lair:4)
  48 gnolls
  5 adders
  5 river rats (Lair:4)
  3 white imps (D:5)
  2 ufetubi
  2 dart slugs
  116 orcs
  8 endoplasms
  4 giant cockroaches
  9 goblins
  8 hobgoblins
  A jackal (D:1)
  6 quokkas
  4 ball pythons
  4 bats
  5 frilled lizards
  2 jackal zombies (D:3)
  12 kobolds
  A quokka zombie (D:3)
  8 rats
813 creatures vanquished.

Vanquished Creatures (others)
  An unseen horror (D:12)
  An orc (D:11)
  33 fungi
  34 plants
69 creatures vanquished.

Grand Total: 882 creatures vanquished

Notes
Turn   | Place    | Note
-------+----------+-------------------------------------------
     0 | D:5      | drugrobin the Demigod Delver began the quest for the Orb.
     0 | D:5      | Reached XP level 1. HP: 18/18 MP: 3/3
     8 | D:5      | Noticed an orc wizard
    47 | D:5      | Noticed a scorpion
    84 | D:3      | Noticed Grinder
   178 | D:3      | Found a runed translucent door.
   180 | D:3      | Noticed Crazy Yiuf
   208 | D:3      | Reached skill level 3 in Fighting
   471 | D:3      | Reached XP level 2. HP: 26/26 MP: 4/4
   765 | D:3      | Reached skill level 4 in Fighting
   765 | D:3      | Reached XP level 3. HP: 6/33 MP: 5/5
  1002 | D:2      | Found Jiqoah's Armour Shoppe.
  2208 | D:2      | Reached XP level 4. HP: 41/41 MP: 6/6
  2746 | D:3      | Noticed Pargi
  2896 | D:4      | Noticed a gnoll sergeant
  2926 | D:4      | Killed a gnoll sergeant
  2927 | D:4      | Reached skill level 5 in Fighting
  2927 | D:4      | Reached XP level 5. HP: 35/48 MP: 7/7
  3261 | D:4      | Noticed Pikel
  3287 | D:4      | Killed Pikel
  3288 | D:4      | Reached skill level 8 in Fighting
  3288 | D:4      | Reached XP level 6. HP: 44/61 MP: 8/8
  3288 | D:4      | Reached XP level 7. HP: 50/68 MP: 9/9
  3811 | D:4      | Identified the +8 hand axe "Gillaiwnue" {drain, rF+ rC+}
  4596 | D:3      | Reached skill level 9 in Fighting
  4672 | D:3      | Noticed Sigmund
  4678 | D:3      | Killed Sigmund
  4679 | D:3      | Reached XP level 8. HP: 75/79 MP: 10/10
  4789 | D:3      | Killed Pargi
  5104 | D:3      | Killed Crazy Yiuf
  5105 | D:3      | Reached skill level 10 in Fighting
  5205 | D:3      | Paralysed by Grinder for 2 turns
  5214 | D:3      | Killed Grinder
  5412 | D:5      | Reached skill level 11 in Fighting
  6098 | D:6      | Found a staircase to the Ecumenical Temple.
  6197 | D:6      | Reached XP level 9. HP: 90/90 MP: 11/11
  6293 | D:6      | Reached skill level 12 in Fighting
  7218 | D:7      | Reached skill level 13 in Fighting
  7220 | D:7      | Noticed Prince Ribbit
  7410 | D:7      | Killed Prince Ribbit
  7414 | D:7      | Identified the +8 mace of the Ancients {vamp, rN+ Str-3
                  | Int+4}
  7915 | D:7      | Noticed a komodo dragon
  7928 | D:7      | Killed a komodo dragon
  8153 | D:7      | Reached XP level 10. HP: 95/101 MP: 13/13
  8727 | D:8      | Found Syipnuy's Book Shoppe.
  8789 | D:8      | Found Gampok's Distillery.
  8796 | D:8      | Bought a potion of heal wounds for 80 gold pieces
  8796 | D:8      | Bought a potion of attraction for 48 gold pieces
  8796 | D:8      | Bought a potion of flight for 48 gold pieces
  8807 | D:8      | Reached skill level 5 in Maces & Flails
  8894 | D:8      | Found Joenynn's Assorted Antiques.
  8903 | D:8      | Bought a bound ivory amulet for 160 gold pieces
  8903 | D:8      | Identified the amulet of Doposoc {Spirit Will+} (You bought
                  | it in a shop on level 8 of the Dungeon)
  8922 | D:8      | Bought a sedimented clear potion for 28 gold pieces
  9119 | D:8      | Found Duqic's General Store.
  9125 | D:8      | Bought a potion of curing for 36 gold pieces
  9125 | D:8      | Bought a scroll of identify for 24 gold pieces
  9237 | D:8      | Found Xoepyjec's Magic Scroll Emporium.
  9242 | D:8      | Bought a scroll of identify for 32 gold pieces
  9487 | D:9      | Noticed a two-headed ogre
  9745 | D:9      | Reached skill level 14 in Fighting
  9910 | D:9      | Identified a scroll of acquirement
  9955 | D:9      | Found Kecovamo's Distillery.
  9961 | D:9      | Reached skill level 1 in Evocations
  9962 | D:9      | Noticed Maurice
  9986 | D:9      | Reached skill level 1 in Spellcasting
 10261 | D:8      | Bought a scroll labelled CIAMITTEHIS for 32 gold pieces
 10617 | D:9      | Found Kaloc's Armour Shop.
 10648 | D:9      | Bought a potion of mutation for 104 gold pieces
 10894 | D:9      | Killed Maurice
 10944 | D:9      | Found a staircase to the Orcish Mines.
 11135 | D:10     | Entered Level 10 of the Dungeon
 11292 | D:10     | Reached XP level 11. HP: 110/110 MP: 17/17
 11486 | D:10     | Noticed Amaemon
 11582 | D:10     | Found Tunuhor's Weapon Shop.
 11734 | D:10     | Noticed Nergalle
 12121 | D:11     | Found a gate leading to a gauntlet.
 12143 | Gauntlet | Entered a Gauntlet
 12143 | Gauntlet | Found a transporter.
 12166 | Gauntlet | Found a transporter.
 12181 | Gauntlet | Found a transporter.
 12185 | Gauntlet | Noticed an entropy weaver
 12186 | Gauntlet | Found a transporter.
 12203 | Gauntlet | Found a transporter.
 12217 | Gauntlet | Noticed a quicksilver ooze
 12221 | Gauntlet | Found a transporter.
 12233 | Gauntlet | Found a transporter.
 12234 | Gauntlet | Noticed a catoblepas
 12241 | Gauntlet | Noticed a catoblepas
 12245 | Gauntlet | Found a transporter.
 12255 | Gauntlet | Noticed a catoblepas
 12257 | Gauntlet | Found a transporter.
 12265 | Gauntlet | Found a large runed translucent door.
 12266 | Gauntlet | Found a large runed translucent door.
 12266 | Gauntlet | Noticed a dire elephant
 12267 | Gauntlet | Found a large runed translucent door.
 12267 | Gauntlet | Found a large runed translucent door.
 12268 | Gauntlet | Found a runed translucent gate.
 12269 | Gauntlet | Found a transporter.
 12269 | Gauntlet | Found a runed translucent gate.
 12270 | Gauntlet | Found a runed translucent gate.
 12271 | Gauntlet | Found a large runed translucent door.
 12271 | Gauntlet | Found a large runed translucent door.
 12272 | Gauntlet | Found a large runed translucent door.
 12273 | Gauntlet | Found a large runed translucent door.
 12282 | Gauntlet | Found a large runed translucent door.
 12282 | Gauntlet | Found a large runed translucent door.
 12282 | Gauntlet | Found a runed translucent door.
 12282 | Gauntlet | Found a runed translucent door.
 12283 | Gauntlet | Found a large runed translucent door.
 12284 | Gauntlet | Found a large runed translucent door.
 12286 | Gauntlet | Found a transporter.
 12294 | Gauntlet | Found a large runed translucent door.
 12294 | Gauntlet | Found a large runed translucent door.
 12295 | Gauntlet | Found a large runed translucent door.
 12296 | Gauntlet | Found a large runed translucent door.
 12304 | Gauntlet | Found a transporter.
 12308 | Gauntlet | Found a transporter.
 12334 | Gauntlet | Found a transporter.
 12336 | Gauntlet | Found a transporter.
 12336 | Gauntlet | Noticed a catoblepas
 12356 | Gauntlet | Found a transporter.
 12434 | Gauntlet | Found a transporter.
 12454 | Gauntlet | Found a transporter.
 12758 | Gauntlet | Identified the +2 cloak of Syff {Will+ Int+6}
 12810 | Gauntlet | Identified the +2 helmet of Intuition {+Inv}
 12830 | Gauntlet | Killed a quicksilver ooze
 12973 | Gauntlet | Identified the +11 shortbow of the Bear {vorpal, *Corrode
                  | Fly rN+++ Will+}
 12973 | Gauntlet | Identified the +9 dagger of Jaffe {vorpal, rC+ Dex+3}
 12973 | Gauntlet | Noticed a minotaur
 12993 | Gauntlet | Killed a minotaur
 13081 | Gauntlet | Identified the +2 robe of Biachog {Str+4 Stlth+}
 13082 | Gauntlet | Got the Atlas of Enchantment
 13084 | Gauntlet | Identified the ring "Ketokap" {Ice rN+}
 13092 | Gauntlet | Identified the +1 robe of Skepticism {Harm Fly Dex+8
                  | Slay-4}
 13238 | D:11     | Noticed Grum
 13426 | D:11     | Reached skill level 1 in Shields
 13432 | D:11     | Killed Grum
 13645 | D:11     | Found a staircase to the Lair.
 13706 | Lair:1   | Entered Level 1 of the Lair of Beasts
 13798 | D:11     | Killed Amaemon
 13916 | Orc:1    | Entered Level 1 of the Orcish Mines
 14083 | Orc:2    | Entered Level 2 of the Orcish Mines
 14283 | Orc:1    | Noticed an orc knight
 14480 | Orc:2    | Noticed an orc knight
 14530 | Orc:2    | Killed an orc knight
 14531 | Orc:2    | Reached XP level 12. HP: 118/118 MP: 22/22
 14545 | Orc:2    | Learned a level 2 spell: Blink
 14663 | Orc:1    | Found Sengowku's Antique Armour Boutique.
 14702 | Orc:1    | Bought a pair of faintly humming boots for 180 gold pieces
 14702 | Orc:1    | Identified the +1 pair of boots of Sorcery {rElec rF- rN+
                  | Dex+2} (You bought it in a shop on level 1 of the Orcish
                  | Mines)
 14702 | Orc:1    | Bought a pair of embroidered gloves for 142 gold pieces
 14806 | Orc:1    | Reached skill level 10 in Maces & Flails
 15184 | Orc:2    | Found a staircase to the Elven Halls.
 15476 | Orc:2    | Found Uwkan's Magic Scroll Emporium.
 15485 | Orc:2    | Found Fieruo's General Store.
 15593 | Orc:2    | Bought a scroll of enchant armour for 135 gold pieces
 15595 | Orc:2    | Bought a scroll of poison for 56 gold pieces
 15595 | Orc:2    | Bought a scroll of silence for 133 gold pieces
 15698 | Orc:2    | Reached skill level 5 in Spellcasting
 15740 | Orc:2    | Reached skill level 15 in Fighting
 16234 | Orc:2    | Noticed a demonspawn
 16278 | Orc:2    | Killed a demonspawn
 16408 | Orc:2    | Gained mutation: You are weak. (Str -2) [a neqoxec]
 16414 | Orc:2    | Found Qolut's Antique Armour Boutique.
 16414 | Orc:2    | Found Ufful's Book Shop.
 16414 | Orc:2    | Found a one-way gate leading to the halls of Pandemonium.
 16425 | Orc:2    | Learned a level 2 spell: Scorch
 16428 | Orc:2    | Learned a level 2 spell: Sublimation of Blood
 17167 | Lair:1   | Reached skill level 1 in Necromancy
 17184 | Lair:1   | Reached XP level 13. HP: 127/127 MP: 26/26
 17265 | Lair:1   | Reached skill level 5 in Shields
 17753 | Lair:1   | Identified the +2 leather armour of Peaxkic {Drain Int+4
                  | Dex+4}
 18324 | Lair:2   | Found a staircase to the Snake Pit.
 18889 | Lair:2   | Learned a level 3 spell: Frozen Ramparts
 19024 | Lair:2   | Learned a level 3 spell: Swiftness
 19045 | Lair:2   | Noticed Gastronok
 19104 | Lair:2   | Killed Gastronok
 20603 | Lair:3   | Found a staircase to the Swamp.
 21662 | Lair:4   | Noticed Nessos
 21683 | Lair:4   | Killed Nessos
 21684 | Lair:4   | Reached skill level 16 in Fighting
 21777 | Lair:4   | Reached XP level 14. HP: 137/137 MP: 29/29
 21958 | Lair:4   | Reached skill level 5 in Necromancy
 22352 | Lair:5   | Entered Level 5 of the Lair of Beasts
 23107 | Lair:5   | Found a staircase to the Slime Pits.
 23150 | Lair:5   | Identified the +1 leather armour of Gluttony {+Inv rF++
                  | Will++}
 24042 | Lair:5   | Found a gateway to Hell.
 24564 | D:12     | Learned a level 1 spell: Kiss of Death
 24578 | D:12     | Noticed Sonja
 24624 | D:12     | Killed Sonja
 25315 | D:8      | Bought a scroll labelled IKKITU WAYXT for 32 gold pieces
 25315 | D:8      | Bought a blackened steel ring for 160 gold pieces
 25316 | D:8      | Bought a dented sapphire amulet for 160 gold pieces
 25373 | D:8      | Bought a scroll of immolation for 64 gold pieces
 25373 | D:8      | Bought a scroll of teleportation for 48 gold pieces
 25515 | D:2      | Bought the +3 crown of Dyrovepreva {rElec Int+2 SInv} for
                  | 496 gold pieces
 25515 | D:2      | Found the +3 crown of Dyrovepreva {rElec Int+2 SInv}
 27417 | D:14     | Reached skill level 17 in Fighting
 27640 | D:14     | Reached XP level 15. HP: 122/147 MP: 24/31
 27711 | D:14     | Noticed Jorgrun
 28195 | D:14     | Found a gate to the Vaults.
 28405 | D:15     | Entered Level 15 of the Dungeon
 29068 | D:14     | Reached skill level 10 in Shields
 29338 | D:15     | Noticed Huashrat's ghost (adept FoFi)
 29350 | D:15     | Found a transporter.
 29356 | D:15     | Found a transporter.
 29527 | D:15     | Found Peimow's Assorted Antiques.
 29630 | D:15     | Bought a scroll of identify for 66 gold pieces
 29711 | D:15     | Found a staircase to the Depths.
 30174 | Snake:1  | Entered Level 1 of the Snake Pit
 30543 | Lair:1   | Acquired 729 gold pieces
 30762 | Snake:1  | Slain by a mana viper

Illustrated notes

Levels and vault maps discovered:
D:1:      psy_arrival_dodecagon, layout_loops_corners,
          shapermc_ecumenical_altar_petra, st_stairs_4
D:2:      layout_loops_ring, serial_shops, nicolae_shop_waterfront
D:3:      minmay_thinvault, layout_basic, nicolae_yredelemnul_corpse_copse,
          uniq_crazy_yiuf_cottage, uniq_pargi, uniq_sigmund, uniq_grinder
D:4:      layout_cave_pods, nicolae_kite_square_tiling_tiny, uniq_pikel
D:5:      layout_rooms
D:6:      layout_basic, minmay_temple_entry_statues_fountains
D:7:      layout_loops_ring, grunt_temple_overflow_octagram, uniq_prince_ribbit1
D:8:      layout_gridville, grunt_qazlal_clouds, serial_shops,
          kennysheep_little_box, nicolae_shop_window_shopping,
          nicolae_shop_stone, nicolae_shop_stone, nicolae_diamond_shop
D:9:      layout_basic, hiddenorc2_lemuel, serial_shops, shop_coins,
          nicolae_shop_hallway_plus, supply_closet_lemuel, st_stairs_8,
          uniq_maurice
D:10:     layout_roguey, serial_shops, nicolae_diamond_shop,
          reono_crystal_passage, grunt_ministairs_9, uniq_nergalle, uniq_amaemon
D:11:     layout_rooms, grunt_lair_entry_orc_guard_hut, gauntlet_entry_generic,
          grunt_decor_mini_mirrors, uniq_grum
D:12:     layout_loops_cross, lemuel_nasty_fountain, uniq_sonja
D:13:     kennysheep_seaside_town, layout_long_grid, amcnicky_mini_pool_medium
D:14:     layout_loops_corners, erik_vaults_2, nicolae_triple_integral,
          uniq_jorgrun
D:15:     grunt_enter_depths_hoard, layout_cross, nrook_campfire,
          gammafunk_ghost_hive, serial_shops, nicolae_shop_crystal
Lair:1:   layout_layer_cave, grunt_forest_stairs_basic, fungi_pond_lemuel,
          grunt_forest_large_clearings
Lair:2:   layout_cave_pods, minmay_snake_entry_six_corridors,
          wad_woods_river_02, grunt_forest_large_clearing_hut, uniq_gastronok
Lair:3:   layout_small_grid, nicolae_swamp_entry_splash_gauntlet,
          beast_lair_carwin_11
Lair:4:   onia_ninara_swampy_vault, layout_misc_corridors, serial_bayou_pond_d,
          kennysheep_abandoned_house, infiniplex_staircase_pool, uniq_nessos
Lair:5:   evil_forest, layout_small_grid, minmay_slime_entry_pillars,
          basic_altar, wad_woods_03
Snake:1:  layout_layer_cave
Orc:1:    layout_caves, serial_shops, nicolae_shop_waterfront
Orc:2:    pf_orc_diabolical, layout_diamond_mine

Skill      XL: |  1  2  3  4  5  6  7  8  9 10 11 12 13 14 15 |
---------------+----------------------------------------------+-----
Fighting       | 3 4 5 8 9 11 13 14 15 16 17 | 17.3
Maces & Flails | 3 7 9 11 12 | 12.0
Evocations     | 2 4 |  4.0
Spellcasting   | 2 4 5 7 8 |  8.0
Shields        | 2 4 7 9 10 | 10.8
Necromancy     | 1 4 8 9 |  9.6
Dodging        | |  1.7
Stealth        | |  4.5

Action                   |  1- 3 |  4- 6 |  7- 9 | 10-12 | 13-15 || total
-------------------------+-------+-------+-------+-------+-------++-------
Melee: Mace              |    90 |    55 |    65 |   902 |   433 ||  1545
       Unarmed           |     5 |       |       |       |       ||     5
       Whip              |    58 |       |    36 |       |       ||    94
       Punch             |     2 |       |       |       |       ||     2
       Dagger            |       |    29 |    62 |       |       ||    91
       Hand axe          |       |       |   306 |   113 |   314 ||   733
       Spear             |       |       |       |     6 |       ||     6
       Demon whip        |       |       |       |   201 |  1180 ||  1381
 Fire: Sling             |     6 |       |       |       |       ||     6
Throw: Dart              |       |     2 |     6 |    37 |    22 ||    67
       Throwing net      |       |       |       |     1 |       ||     1
 Cast: Scorch            |       |       |       |       |    10 ||    10
       Frozen Ramparts   |       |       |       |       |     4 ||     4
Evoke: Wand              |       |     3 |       |     6 |     3 ||    12
  Use: Potion            |     2 |       |       |     3 |     1 ||     6
       Scroll            |       |       |       |     9 |     9 ||    18
 Stab: Sleeping          |     3 |       |       |    11 |    14 ||    28
       Paralysed         |       |       |       |     7 |     6 ||    13
       Distracted        |       |       |       |       |     2 ||     2
Armor: Skin              |     4 |       |       |       |       ||     4
       Leather armour    |    27 |       |       |    62 |    12 ||   101
       Chain mail        |    34 |    59 |   350 |    20 |       ||   463
       Robe              |       |       |       |   113 |       ||   113
       Troll leather arm |       |       |       |   358 |   682 ||  1040
       Acid dragon scale |       |       |       |    31 |       ||    31
Dodge: Dodged            |    78 |    27 |   142 |   608 |   868 ||  1723
Block: Kite shield       |       |     6 |   221 |   550 |   930 ||  1707

Table legend: (Time is in decaauts)
 A = Elapsed time spent in this place.
 B = Non-inter-level travel time spent in this place.
 C = Inter-level travel time spent in this place.
 D = Time resting spent in this place.
 E = Time spent auto-exploring this place.
 F = Levels seen in this place.
 G = Mean time per level.
                   A        B        C        D        E       F      G
               +--------+--------+--------+--------+--------+-----+--------+
         Total |  30714 |  28647 |   2067 |   2240 |  16689 |  24 | 1279.8 |
       Dungeon |  18912 |  17408 |   1504 |   1663 |  10121 |  15 | 1260.8 |
          Lair |   7459 |   7010 |    449 |    234 |   4860 |   5 | 1491.8 |
     Snake Pit |    332 |    318 |     14 |      0 |    136 |   1 |  332.0 |
  Orcish Mines |   3050 |   2952 |     98 |    105 |   1253 |   2 | 1525.0 |
      Gauntlet |    960 |    960 |      0 |    237 |    318 |   1 |  960.0 |
               +--------+--------+--------+--------+--------+-----+--------+

Top non-repeatable levels by time:
   Orc:2: 2559 daAuts
     D:3: 2024 daAuts
    D:14: 1849 daAuts
  Lair:5: 1761 daAuts
  Lair:2: 1590 daAuts
     D:9: 1565 daAuts
     D:4: 1446 daAuts
  Lair:1: 1423 daAuts
  Lair:3: 1395 daAuts
     D:6: 1354 daAuts
     D:8: 1341 daAuts
    D:13: 1314 daAuts
  Lair:4: 1288 daAuts
     D:7: 1264 daAuts
     D:2: 1174 daAuts
